AoeStats
← KangourouGarou

MegaRandom

509093118Analyzed
2v2 RM · 6d ago on Sep 25, 2026· 117m 25s· 4 players
Game mode
Random Map
Map size
Medium (4 player)
Population
200
Speed
Normal
Resources
Standard
Victory
Conquest
Starting age
Dark Age
Ending age
Imperial Age
RankedLock teamsTeams togetherTeam positionsShared explorationLock speedFull tech treeHidden civsTurbo modeCheats
Victory
Defeat
🇪🇸 Bulgarians · Spain
925
+14
🇺🇸 Berbers · United States
895
+15
🇫🇷 Goths · France
882
-15
🇫🇷 Danes · France
880
-14
Guignom
7:40 Loom
12:16 Feudal Age
13:00 Double-Bit Axe
12:56 Horse Collar
13:01 Fishing Lines
16:56 Wheelbarrow
16:22 Gold Mining
19:42 Castle Age
17:55 Stone Mining
23:58 Gold Shaft Mining
23:24 Heavy Plow
23:39 Bow Saw
23:59 Fletching
24:12 Scale Mail Armor
24:22 Forging
35:20 Bodkin Arrow
36:54 Careening
40:08 Iron Casting
39:48 Chain Mail Armor
44:54 Imperial Age
46:00 Conscription
45:01 Hamask
46:56 Blast Furnace
57:00 Elite Varangian Guard
58:27 Arson
62:06 Elite Jomsviking
65:30 Caravan
69:12 Man-at-Arms
69:37 Gambesons
71:22 Long Swordsman
72:01 Two-Handed Swordsman
73:15 Plate Mail Armor
73:44 Champion
110:12 Elite Longship
111:15 Elite Longship
KangourouGarou
9:59 Feudal Age
8:27 Loom
11:16 Wheelbarrow
10:30 Double-Bit Axe
10:37 Horse Collar
14:01 Fishing Lines
15:51 Gold Mining
21:09 Castle Age
18:56 Town Watch
19:46 Stone Mining
22:03 Bow Saw
22:10 Hand Cart
25:10 Anarchy
27:53 Squires
27:14 Pikeman
35:14 Imperial Age
32:52 Scale Mail Armor
32:53 Gillnets
33:41 Heavy Plow
34:54 Chain Mail Armor
34:50 Forging
36:23 Stone Shaft Mining
35:33 Elite Huskarl
36:15 Perfusion
36:37 Conscription
37:01 Iron Casting
40:03 Crop Rotation
40:40 Two-Man Saw
41:20 Blast Furnace
51:50 Caravan
55:05 Town Watch
54:56 Sappers
57:36 Halberdier
69:21 Coinage
69:04 Guilds
69:37 Town Patrol
70:33 Banking
79:17 Man-at-Arms
79:41 Long Swordsman
79:55 Two-Handed Swordsman
81:21 Champion
106:06 Capped Ram
106:11 Heavy Scorpion
107:57 Ballistics
108:43 Chemistry
108:00 Masonry
107:35 Treadmill Crane
casper4405
8:27 Loom
11:51 Feudal Age
15:52 Castle Age
21:14 Scale Barding Armor
23:06 Bloodlines
24:51 Forging
26:32 Chain Barding Armor
28:13 Iron Casting
30:03 Husbandry
30:25 Padded Archer Armor
31:34 Medium Warships
33:34 Wheelbarrow
36:03 Stone Mining
37:01 Double-Bit Axe
38:39 Stone Shaft Mining
44:17 Man-at-Arms
44:57 Squires
47:41 Imperial Age
45:32 Scale Mail Armor
45:53 Long Swordsman
58:17 Fletching
58:42 Leather Archer Armor
61:19 Imperial Age
58:37 Town Watch
60:04 Hand Cart
59:55 Light Cavalry
61:50 Thumb Ring
65:48 Chemistry
65:00 Masonry
65:03 Fortified Wall
68:27 Conscription
69:30 Town Patrol
71:41 Gold Mining
75:10 Ring Archer Armor
76:40 Gold Shaft Mining
80:10 Caravan
81:26 Bodkin Arrow
86:55 Murder Holes
89:28 Ballistics
92:48 Hussar
92:54 Elite Skirmisher
93:06 Elite Genitour
95:18 Two-Handed Swordsman
96:52 Chain Mail Armor
97:44 Blast Furnace
100:04 Caravan
104:20 Champion
104:46 Arson
106:34 Heavy Warships
108:56 Elite Cannon Galleon
110:12 Bow Saw
Lucas Grijander
0:58 Loom
12:43 Feudal Age
18:16 Castle Age
17:16 Double-Bit Axe
19:04 Wheelbarrow
18:15 Town Watch
18:44 Horse Collar
28:59 Hand Cart
29:48 Bow Saw
29:41 Heavy Plow
32:40 Ballistics
32:21 Fletching
36:13 Imperial Age
34:12 Masonry
34:11 Stone Mining
34:14 Gold Mining
35:24 Squires
35:10 Arson
35:11 Gambesons
35:36 Murder Holes
36:22 Scale Mail Armor
36:33 Forging
36:18 Bodkin Arrow
37:08 Bagains
37:45 Crop Rotation
38:01 Chain Mail Armor
38:22 Iron Casting
39:30 Plate Mail Armor
40:01 Blast Furnace
39:02 Bracer
42:31 Chemistry
42:03 Architecture
43:57 Stirrups
45:03 Gold Shaft Mining
45:03 Stone Shaft Mining
46:32 Scale Barding Armor
57:25 Chain Barding Armor
67:22 Elite Konnik
68:41 Plate Barding Armor
69:30 Heavy Scorpion
95:15 Caravan
Connection lost

Rejoining the realm…

Still unreachable

The connection could not be restored.

Session expired

The server has moved on; the page needs a fresh start.